 Dungeon Crawl Stone Soup version 0.23.0-2-g0fe3ce5 (console) character file.

Game seed: 7806178887880817256

7684 Catiua the Cleaver (level 11, 97/97 HPs)
             Began as a Minotaur Berserker on Feb 19, 2019.
             Was a High Priest of Trog.
             Quit the game on level 1 of the Lair of Beasts.
             The game lasted 00:25:16 (10089 turns).

Catiua the Cleaver (Minotaur Berserker)            Turns: 10089, Time: 00:25:17

Health: 97/97      AC: 20    Str: 25    XL:     11   Next: 0%
Magic:  4/4        EV: 25    Int: 11    God:    Trog [*****.]
Gold:   302        SH:  0    Dex: 10    Spells: 10/10 levels left

rFire    . . .     SeeInvis .   V - +1 battleaxe (antimagic)
rCold    . . .     Gourm    .   (shield currently unavailable)
rNeg     . . .     Faith    .   L - +0 plate armour {rPois}
rPois    +         Spirit   .   (helmet restricted)
rElec    .         Reflect  .   (no cloak)
rCorr    .         Harm     .   (no gloves)
MR       .....                  K - +0 pair of boots of Fawuasontumo {Regen+ Int+4} (curse)
Stlth    ..........             x - amulet of the acrobat
HPRegen  0.66/turn              w - +5 ring of protection
MPRegen  0.09/turn              U - +3 ring of intelligence

@: acrobat
A: retaliatory headbutt, horns 2
a: Berserk, Trog's Hand, Brothers in Arms, Renounce Religion


You were on level 1 of the Lair of Beasts.
You worshipped Trog.
Trog was extremely pleased with you.
You were not hungry.

You visited 2 branches of the dungeon, and saw 10 of its levels.

You collected 549 gold pieces.
You spent 247 gold pieces at shops.

Inventory:

Hand Weapons
 a - a +1 hand axe
 t - a +1 scythe of venom
 O - a +0 war axe
 V - a +1 antimagic battleaxe (weapon)
Missiles
 G - 9 throwing nets (quivered)
Armour
 b - a +0 animal skin
 d - a +1 scale mail
 h - a +0 ring mail
 r - a +0 pair of boots
 K - the cursed +0 pair of boots of Fawuasontumo (worn) {Regen+ Int+4}
   (You bought it in a shop on level 8 of the Dungeon)

   It affects your intelligence (+4).
   It increases your rate of regeneration.
   It has a curse placed upon it.
 L - a +0 plate armour of poison resistance (worn)
Jewellery
 w - a +5 ring of protection (left hand)
 x - an amulet of the acrobat (around neck)
 D - an uncursed ring of protection from fire
 M - an uncursed ring of resist corrosion {unknown}
 N - the cursed ring of Goguhine {MR- EV-2 Int+4, unknown}
   (You found it on level 9 of the Dungeon)

   [ring of evasion]

   It affects your evasion (-2).
   It affects your intelligence (+4).
   It affects your resistance to hostile enchantments.
   It has a curse placed upon it.
 U - a +3 ring of intelligence (right hand)
Wands
 u - a wand of flame (8)
 y - a wand of enslavement (10)
 A - a wand of disintegration (12)
 I - a wand of random effects (12)
 Q - a wand of paralysis (8)
 R - a wand of digging (5)
Scrolls
 e - a scroll of immolation
 g - 4 scrolls of teleportation
 j - a scroll of summoning {unknown}
 k - 4 scrolls of fog
 m - 7 scrolls of remove curse
 p - 2 scrolls of fear {unknown}
 q - 4 scrolls of enchant armour
 v - 2 scrolls of enchant weapon
 C - 3 scrolls of magic mapping
 E - a scroll of blinking {unknown}
 F - a scroll of silence {unknown}
 H - a scroll of amnesia {unknown}
 J - 4 scrolls of identify
 T - a scroll of holy word {unknown}
Potions
 f - 4 potions of agility
 i - 5 potions of curing
 l - 4 potions of haste
 n - a potion of brilliance
 o - a potion of might
 s - 3 potions of degeneration
 z - a potion of flight
 B - a potion of lignification
 S - a potion of heal wounds
Comestibles
 c - 18 rations


   Skills:
 + Level 9.4 Fighting
 * Level 12.3 Axes
 + Level 8.7 Armour
 + Level 8.1 Dodging
 + Level 5.2 Evocations


You had 10 spell levels left.
You didn't know any spells.
Your spell library was empty.

Dungeon Overview and Level Annotations

Branches:
Dungeon (9/15)             Temple (0/1) D:4            Lair (1/6) D:9
    Orc: D:9-12

Altars:
Kikubaaqudgha
Nemelex Xobeh
Yredelemnul

Shops:
D:8 [

Annotations:
D:4 3 runed translucent doors, Frank's ghost, amateur OpFi


Innate Abilities, Weirdness & Mutations

You reflexively headbutt those who attack you in melee.
You have a pair of horns on your head.


Message History

You closely miss the spiny frog. The spiny frog closely misses you.
You slice the spiny frog!! You headbutt the spiny frog!
You kill the spiny frog!
Trog accepts your kill.
You have reached level 11!
You see here a hippogriff corpse.
c - 18 rations (gained 1) As you open the door, it creaks loudly!
You hear a roar!
There is an open door here.
An eight-headed hydra comes into view.
Wield which item (- for none, * to show all)? (? for menu, Esc to quit)
Okay, then.
Save game and exit?
Welcome back, Catiua the Minotaur Berserker.
Trog says: Kill them all!
Press ? for a list of commands and other information.
Okay, then.
Quiver which item? (- for none, * to show all) (? for menu, Esc to quit)
Okay, then.
Are you sure you want to abandon this character and quit the game? (Confirm with "yes".)

....#+##.............#
....................##
......###....###....#
.....#.........#....#
....................#
.....#.........#....#
.....#.........'....#
...............#....#
.....###.#.#####@...#
..............#
...D..........P#
...####......##
.......# ..P.....#
#.##.....# .. ......#


You could see an eight-headed hydra (wandering).

Vanquished Creatures
  Pikel (D:6)
  A black mamba (Lair:1)
  A spiny frog (Lair:1)
  A rime drake (Lair:1)
  A hippogriff (Lair:1)
  Sigmund (D:4)
  4 yaks (D:9)
  2 wyverns (D:8)
  A basilisk (Lair:1)
  A hungry ghost (D:7)
  Menkaure (D:7)
  Edmund (D:4)
  2 water moccasins (Lair:1)
  A porcupine (Lair:1)
  3 slaves (D:6)
  2 ice beasts
  An orc warrior (D:7)
  A black bear (D:9)
  A sky beast (D:5)
  2 ogres
  7 wolves
  A centaur (D:9)
  2 crocodiles (Lair:1)
  A big kobold (D:7)
  3 bullfrogs
  3 gnoll sergeants (D:7)
  4 scorpions
  12 killer bees (D:9)
  An electric eel (D:7)
  2 howler monkeys
  2 crimson imps
  A bullfrog zombie (D:6)
  A quasit (D:8)
  3 orc priests
  6 hounds
  9 orc wizards
  5 gnoll shamans
  3 jellies
  An iguana (D:9)
  Ijyb (D:4)
  5 worker ants
  A hound skeleton (D:4)
  A worker ant zombie (D:7)
  31 gnolls
  A howler monkey skeleton (D:6)
  10 adders
  5 shadow imps
  4 oozes
  An adder zombie (D:5)
  3 adder skeletons
  A worm (D:2)
  2 dart slugs (D:2)
  5 leopard geckos
  36 orcs
  A ball python (D:3)
  A bat skeleton (D:2)
  2 giant cockroaches
  8 hobgoblins
  15 jackals
  6 quokkas
  3 bats
  3 frilled lizards
  A giant cockroach zombie (D:2)
  4 goblins
  A jackal zombie (D:6)
  13 kobolds
  A quokka skeleton (D:2)
  2 rats
264 creatures vanquished.

Vanquished Creatures (collateral kills)
  A gnoll (D:7)
1 creature vanquished.

Grand Total: 265 creatures vanquished

Notes
Turn   | Place    | Note
-------+----------+-------------------------------------------
     0 | D:1      | Catiua the Minotaur Berserker began the quest for the Orb.
     0 | D:1      | Reached XP level 1. HP: 19/19 MP: 0/0
   465 | D:1      | Reached XP level 2. HP: 27/27 MP: 1/1
   522 | D:1      | Reached skill level 4 in Axes
  1059 | D:2      | Reached XP level 3. HP: 26/33 MP: 2/2
  1240 | D:2      | Reached XP level 4. HP: 39/40 MP: 3/3
  1269 | D:2      | Reached ** piety under Trog
  1286 | D:2      | Reached skill level 5 in Axes
  1992 | D:3      | Reached XP level 5. HP: 45/47 MP: 4/4
  2098 | D:3      | Found a basalt altar of Yredelemnul.
  2604 | D:4      | Found a staircase to the Ecumenical Temple.
  2696 | D:4      | Reached XP level 6. HP: 38/55 MP: 5/5
  2732 | D:4      | Noticed Sigmund
  2741 | D:4      | Killed Sigmund
  2741 | D:4      | Reached skill level 5 in Fighting
  2741 | D:4      | Reached skill level 6 in Axes
  2780 | D:4      | Noticed Edmund
  2800 | D:4      | Killed Edmund
  2800 | D:4      | Reached XP level 7. HP: 46/61 MP: 6/6
  3146 | D:4      | Reached skill level 7 in Axes
  3197 | D:4      | Noticed Ijyb
  3203 | D:4      | Killed Ijyb
  3279 | D:4      | Reached *** piety under Trog
  3280 | D:4      | Found a runed translucent gate.
  3288 | D:4      | Found a runed translucent gate.
  3288 | D:4      | Found a runed translucent gate.
  3317 | D:4      | Noticed Frank's ghost (amateur OpFi)
  3482 | D:5      | Entered Level 5 of the Dungeon
  3500 | D:4      | Reached skill level 5 in Armour
  4542 | D:6      | Reached skill level 8 in Axes
  4542 | D:6      | Reached XP level 8. HP: 64/70 MP: 7/7
  4588 | D:6      | Reached skill level 5 in Dodging
  4632 | D:6      | Noticed Pikel
  4684 | D:6      | Killed Pikel
  4684 | D:6      | Reached skill level 1 in Evocations
  5111 | D:6      | Reached **** piety under Trog
  5111 | D:6      | Reached skill level 9 in Axes
  5959 | D:7      | Reached XP level 9. HP: 28/79 MP: 9/9
  6533 | D:7      | Reached ***** piety under Trog
  6938 | D:7      | Reached skill level 10 in Axes
  7707 | D:7      | Noticed Menkaure
  7717 | D:7      | Killed Menkaure
  7734 | D:7      | HP: 4/81 [gnoll/+0 halberd (5)]
  8284 | D:8      | Found Paczae's Antique Armour Shop.
  8287 | D:8      | Bought a pair of faintly glowing boots for 247 gold pieces
  8297 | D:8      | Identified the cursed +0 pair of boots of Fawuasontumo
                  | {Regen+ Int+4} (You bought it in a shop on level 8 of the
                  | Dungeon)
  9151 | D:7      | Found a sparkling altar of Nemelex Xobeh.
  9192 | D:9      | Found an ancient bone altar of Kikubaaqudgha.
  9215 | D:9      | Reached XP level 10. HP: 71/88 MP: 12/12
  9221 | D:9      | Reached skill level 11 in Axes
  9488 | D:9      | Got a scintillating lead ring
  9723 | D:9      | Found a staircase to the Lair.
  9729 | Lair:1   | Entered Level 1 of the Lair of Beasts
  9806 | Lair:1   | Reached skill level 12 in Axes
  9833 | Lair:1   | Noticed a black mamba
  9838 | Lair:1   | Killed a black mamba
  9838 | Lair:1   | Received a gift from Trog
  9838 | Lair:1   | Reached skill level 5 in Evocations
 10020 | Lair:1   | Noticed a spiny frog
 10026 | Lair:1   | Killed a spiny frog
 10026 | Lair:1   | Reached XP level 11. HP: 97/97 MP: 4/13
 10088 | Lair:1   | Noticed an eight-headed hydra
 10089 | Lair:1   | Quit the game

Skill      XL: |  1  2  3  4  5  6  7  8  9 10 |
---------------+-------------------------------+-----
Axes           | 4 5 6 8 9 10 12 | 12.3
Fighting       | 4 5 6 7 8 9 |  9.4
Armour         | 3 4 5 6 7 8 |  8.7
Dodging        | 3 4 5 6 8 |  8.1
Evocations     | 2 4 5 |  5.2

Action                   |  1- 3 |  4- 6 |  7- 9 | 10-12 || total
-------------------------+-------+-------+-------+-------++-------
Melee: Hand axe          |    53 |   101 |   448 |       ||   602
       Headbutt          |     6 |    27 |   101 |    30 ||   164
       War axe           |       |       |    12 |   164 ||   176
       Battleaxe         |       |       |       |    19 ||    19
Throw: Throwing net      |       |       |     3 |       ||     3
Invok: Berserk           |       |     2 |     5 |     1 ||     8
       Brothers in Arms  |       |       |     1 |       ||     1
  Use: Scroll            |       |     2 |     9 |       ||    11
       Potion            |       |       |     4 |       ||     4
  Eat: Chunk             |     1 |     6 |    15 |     4 ||    26
       Ration            |       |       |     4 |       ||     4
Armor: Scale mail        |     9 |    15 |   165 |       ||   189
       Animal skin       |     3 |       |       |       ||     3
       Ring mail         |     9 |    15 |       |       ||    24
       Plate armour      |       |       |    17 |   159 ||   176
Dodge: Dodged            |    30 |    60 |   321 |   127 ||   538
